 Dungeon Sprint DCSS version 0.27-a0-972-gd1521fd518 (webtiles) character file.

Game seed: 9550700503800820278

75 mhtbhm the Digger (level 4, -1/24 HPs)
             Began as a Gargoyle Earth Elementalist on Apr 14, 2021.
             Slain by a phantom (7 damage)
             ... in the Dungeon (Sprint IX: "|||||||||||||||||||||||||||||").
             The game lasted 00:00:49 (218 turns).

mhtbhm the Digger (Gargoyle Earth Elementalist)      Turns: 218, Time: 00:00:50

Health: -1/24      AC:  5    Str: 11    XL:     4   Next: 31%
Magic:  8/10       EV: 12    Int: 17    God:
Gold:   0          SH:  0    Dex: 10    Spells: 9/12 levels left

rFire    . . .     SeeInvis .   (no weapon)
rCold    . . .     Faith    .   (no shield)
rNeg     + . .     Spirit   .   c - +0 robe
rPois    ∞         Reflect  .   (no helmet)
rElec    +         Harm     .   (no cloak)
rCorr    .         Rampage  .   (no gloves)
Will     .....     NoTele   +   (no boots)
Stlth    ++........             (no amulet)
HPRegen  0.08/turn              (no ring)
MPRegen  0.12/turn              (no ring)

@: hasted, very quick
A: AC +3, negative energy resistance 1, electricity resistance, torment
resistance 1, unbreathing 1, petrification resistance
a: no special abilities


You were in the Dungeon.
You visited 1 branch

Inventory:

Missiles
 b - 12 stones
Armour
 c - a +0 robe (worn)
Scrolls
 i - a scroll of blinking
Potions
 h - a potion of berserk rage


   Skills:
 + Level 2.6 Dodging
 + Level 3.1 Stealth
 + Level 4.5 Spellcasting
 + Level 0.7 Transmutations
 + Level 7.8 Earth Magic


You had 9 spell levels left.
You knew the following spells:

 Your Spells              Type           Power      Damage    Failure   Level
a - Sandblast             Erth           60%        2d14      1%          1
b - Passwall              Tmut/Erth      15%        N/A       3%          2

Your spell library contained the following spells:

 Spells                   Type           Power      Damage    Failure   Level
 Stone Arrow              Conj/Erth      34%        3d9       9%          3
 Lee's Rapid Deconstruct  Erth           15%        3d11*     16%         5
 Petrify                  Tmut/Erth      18%        N/A       26%         4


Dungeon Overview and Level Annotations

Branches:
Dungeon (1/1)

Altars:


Innate Abilities, Weirdness & Mutations

Your stone body is resilient. (AC +3)
You are immune to poison.
You resist negative energy. (rN+)
You are resistant to electric shocks. (rElec)
You are resistant to unholy torment.
You can survive without breathing.
You are immune to petrification.


Message History

Casting: Sandblast (safe; 1% risk of failure)
Confirm with . or Enter, or press ? or * to list all spells.
Aiming: Sandblast (safe; 1% risk of failure)
Press: ? - help, Shift-Dir - straight line, f/p - hound
Aim: a hound (moderately wounded, 27% to evade)
The blast of sand hits the hound!
You kill the hound!
Your Stealth skill increases to level 3!
Your Spellcasting skill increases to level 4!
Your Earth Magic skill increases to level 7!
You have reached level 4!
You feel clever.
Casting: Sandblast (safe; 1% risk of failure)
Confirm with . or Enter, or press ? or * to list all spells.
Aiming: Sandblast (safe; 1% risk of failure)
Press: ? - help, Shift-Dir - straight line, f - phantom
Aim: a phantom (25% to evade)
The blast of sand misses the phantom.
Unknown command.
You aren't carrying any items that you can evoke.
Unknown command.
Magic courses through your body.
Casting: Sandblast (safe; 1% risk of failure)
Confirm with . or Enter, or press ? or * to list all spells.
Aiming: Sandblast (safe; 1% risk of failure)
Press: ? - help, Shift-Dir - straight line, f/p - phantom
Aim: a phantom (25% to evade)
The blast of sand misses the phantom.
The blast of sand hits the ball python skeleton!!
You destroy the ball python skeleton!
Unknown command.
Casting: Sandblast (safe; 1% risk of failure)
Confirm with . or Enter, or press ? or * to list all spells.
Aiming: Sandblast (safe; 1% risk of failure)
Press: ? - help, Shift-Dir - straight line, f/p - phantom
Aim: a phantom (25% to evade)
The blast of sand hits the phantom.
The phantom is lightly damaged.
The phantom hits you!
You die... ▓▓▓▓▓▓▓▓▓▓▓▓▓▓▓▓▓▓ ▓<..@W.)...'†....+ ▓▓▓▓▓▓▓▓▓▓▓▓▓▓▓▓▓▓

You could see a phantom.

Vanquished Creatures
  A hound (D)
  An iguana (D)
  An adder (D)
  A dart slug (D)
  A ball python (D)
  2 goblins (D)
  A jackal (D)
  A ball python skeleton (D)
9 creatures vanquished.

Notes
Turn   | Place    | Note
-------+----------+-------------------------------------------
     0 | D        | mhtbhm the Gargoyle Earth Elementalist began the quest for
                  | the Orb.
     0 | D        | Reached XP level 1. HP: 10/10 MP: 3/3
     5 | D        | Reached skill level 4 in Earth Magic
    32 | D        | Reached XP level 2. HP: 15/15 MP: 1/5
    33 | D        | Reached skill level 5 in Earth Magic
    36 | D        | Learned a level 2 spell: Passwall
   192 | D        | Noticed a phantom
   206 | D        | Reached skill level 6 in Earth Magic
   206 | D        | Reached XP level 3. HP: 7/19 MP: 2/8
   215 | D        | Reached skill level 7 in Earth Magic
   215 | D        | Reached XP level 4. HP: 6/24 MP: 1/10
   218 | D        | Slain by a phantom

Illustrated notes

Levels and vault maps discovered:
D:        linesprint [early_d, line_temple, items_1, d_10, items_2, lair_1,
          lair_end, items_3, orc_1, orc_end, items_4, d_15, swamp_1, shoals_1,
          snake_1, spider_1, d_20, vaults_1, items_5, swamp_end, shoals_end,
          snake_end, spider_end, vaults_end, d_27, items_6, zot_1, zot_end,
          crypt_end, forest_end, elf_end, slime_end, tomb_end, abyss_end,
          pan_hell_end]

Skill      XL: |  1  2  3 |
---------------+----------+-----
Earth Magic    | 4 6 7 |  7.8
Dodging        | 2 |  2.6
Spellcasting   | 3 4 |  4.5
Stealth        | 3 |  3.1
Transmutations | |  0.7

Action                   |  1- 3 |  4- 6 || total
-------------------------+-------+-------++-------
 Cast: Sandblast         |    15 |     3 ||    18
  Use: Potion            |     4 |     1 ||     5
Armor: Robe              |     1 |       ||     1
Dodge: Dodged            |     9 |       ||     9

Table legend: (Time is in decaauts)
 A = Elapsed time spent in this place.
 B = Non-inter-level travel time spent in this place.
 C = Inter-level travel time spent in this place.
 D = Time resting spent in this place.
 E = Time spent auto-exploring this place.
 F = Levels seen in this place.
 G = Mean time per level.
                   A        B        C        D        E       F      G
               +--------+--------+--------+--------+--------+-----+--------+
         Total |    214 |    214 |      0 |    172 |      3 |   1 |  214.0 |
       Dungeon |    214 |    214 |      0 |    172 |      3 |   1 |  214.0 |
               +--------+--------+--------+--------+--------+-----+--------+

Top non-repeatable levels by time:
       D: 214 daAuts
